 Dungeon Crawl Stone Soup version 0.23.2-40-g277498a001 (webtiles) character file.

Game seed: 16375607075563274688

2188 OrcJesus the Shield-Bearer (level 9, -1/67 (68) HPs)
             Began as a Demonspawn Fighter on Aug 27, 2019.
             Was a Believer of Okawaru.
             Killed from afar by an electric eel (6 damage)
             ... with a bolt of electricity
             ... on level 7 of the Dungeon.
             The game lasted 00:17:47 (6760 turns).

OrcJesus the Shield-Bearer (Demonspawn Fighter)     Turns: 6760, Time: 00:17:48

HP:   -1/67 (68)    AC: 10    Str: 16    XL:     9   Next: 12%
MP:   0/12          EV: 13    Int: 11    God:    Okawaru [**....]
Gold: 361           SH: 10    Dex: 13    Spells: 8/8 levels left

rFire    . . .     SeeInvis .   g - +1 short sword (venom)
rCold    . . .     Gourm    .   c - +0 shield
rNeg     + . .     Faith    .   n - +0 ring mail (curse)
rPois    .         Spirit   +   (helmet restricted)
rElec    .         Reflect  .   E - +0 cloak
rCorr    .         Harm     .   k - +0 pair of gloves
MR       +++..     Clarity  +   p - +1 pair of boots
Stlth    +.........             u - amulet of the Four Winds {rN+ MR+++ Clar}
HPRegen  0.21/turn              m - -2 ring of intelligence (curse)
MPRegen  0.13/turn              o - ring of attention (curse)

@: no status effects
A: antennae 1, repulsion field 2, nightstalker 1, magic shield
a: Heroism, Renounce Religion


You were on level 7 of the Dungeon.
You worshipped Okawaru.
Okawaru was pleased with you.
You were very hungry.

You visited 2 branches of the dungeon, and saw 8 of its levels.

You collected 361 gold pieces.

Inventory:

Hand Weapons
 g - a +1 short sword of venom (weapon)
Armour
 b - a +0 scale mail
 c - a +0 shield (worn)
 k - a +0 pair of gloves (worn)
 l - a +0 chain mail
 n - a cursed +0 ring mail (worn)
 p - a +1 pair of boots (worn)
 E - a +0 cloak (worn)
Jewellery
 h - an uncursed ring of protection from magic
 m - a cursed -2 ring of intelligence (left hand)
 o - a cursed ring of attention (right hand)
 t - a cursed ring of teleportation {unknown}
 u - the amulet of the Four Winds (around neck) {rN+ MR+++ Clar}
   (You found it on level 4 of the Dungeon)

   [amulet of nothing]

   It protects you from negative energy.
   It affects your resistance to hostile enchantments.
   It protects you against confusion.
 C - an uncursed ring of ice {unknown}
Wands
 r - a wand of disintegration (14)
 v - a wand of paralysis (4)
 y - a wand of random effects (14)
 z - a wand of acid (4)
 G - a wand of digging (3)
Scrolls
 a - a scroll of immolation
 j - 4 scrolls of magic mapping
 s - 5 scrolls of teleportation
 w - a scroll of fear
 B - a scroll of identify
 D - 4 scrolls of amnesia
Potions
 d - 2 potions of might
 e - a potion of flight
 i - a potion of cancellation
 q - a potion of agility
 x - 3 potions of lignification
 A - a potion of magic
 F - a potion of heal wounds
Comestibles
 f - 8 rations


   Skills:
 + Level 5.0 Fighting
 * Level 5.0 Short Blades
   Level 1.7 Axes
 + Level 4.5 Armour
 + Level 3.4 Dodging
 * Level 7.1 Shields
 * Level 4.4 Invocations


You had 8 spell levels left.
You didn't know any spells.
Your spell library contained the following spells:

 Spells                   Type           Power        Failure   Level  Hunger
 Magic Dart               Conj           #...         87%         1    ##.....
 Searing Ray              Conj           #.....       95%         2    ###....
 Dazzling Spray           Conj/Hex       #.....       99%         3    ####...
 Force Lance              Conj/Tloc      #.......     100%        4    #####..
 Fulminant Prism          Conj/Hex       #.........   100%        4    #####..
 Iskenderun's Mystic Bla  Conj           #.......     100%        4    #####..


Dungeon Overview and Level Annotations

Branches:
Dungeon (7/15)             Temple (1/1) D:4

Altars:
Ashenzari
Cheibriados
Dithmenos
Elyvilon
Fedhas
Hepliaklqana
Kikubaaqudgha
Makhleb
Nemelex Xobeh
Okawaru
Qazlal
Ru
Sif Muna
Trog
Uskayaw
Vehumet
Wu Jian
Xom
Yredelemnul
Zin
The Shining One

Shops:
D:5 =   D:6 (


Innate Abilities, Weirdness & Mutations

You have a pair of small antennae on your head.
You are surrounded by a moderate repulsion field. (EV +3)
You are slightly more attuned to the shadows.
When hurt, damage is shared between your health and your magic reserves.


Message History

The electric eel is moderately wounded.
You closely miss the electric eel.
The electric eel is moderately wounded.
The electric eel shoots out a bolt of lightning at you!
The bolt of electricity hits the electric eel.
The electric eel completely resists.
The bolt of electricity hits you! The bolt of electricity hits you.
The electric eel shoots out a bolt of lightning at you!
The bolt of electricity hits you!
* * * LOW HITPOINT WARNING * * *
The electric eel shoots out a bolt of lightning at you!
The bolt of electricity hits you.
* * * LOW HITPOINT WARNING * * *
The electric eel shoots out a bolt of lightning at you!
The bolt of electricity hits the electric eel.
The electric eel completely resists.
The bolt of electricity hits you!
* * * LOW HITPOINT WARNING * * *
The electric eel shoots out a bolt of lightning at you!
The bolt of electricity hits you!
You die...

♣♣≈≈≈ ♣≈♣PP≈ ≈P≈≈≈≈
## ≈≈;≈≈P .♣;≈≈≈≈P
#.;≈≈≈≈≈ #.# #.#
########@# #........#
#.########
###.###########
######.............#
.....>.#.#########.##
§.######.#######.8.P#
#......(.P...#
########.....#


You could see 2 electric eels.

Vanquished Creatures
  An ice beast (D:4)
  2 sky beasts (D:6)
  A phantom (D:6)
  A necrophage (D:7)
  A black bear (D:6)
  3 ogres
  3 centaurs
  A bullfrog (D:6)
  A scorpion (D:6)
  2 howler monkeys (D:6)
  An electric eel (D:6)
  2 crimson imps (D:5)
  A quasit (D:7)
  2 hounds
  3 orc priests
  3 bullfrog skeletons
  4 worker ants
  2 iguanas
  8 orc wizards
  A hound zombie (D:6)
  A worker ant zombie (D:5)
  7 adders
  3 gnolls (D:3)
  A shadow imp (D:6)
  An ooze (D:2)
  2 adder zombies (D:5)
  An adder skeleton (D:3)
  3 worms
  2 dart slugs (D:3)
  A leopard gecko (D:3)
  16 orcs
  5 giant cockroaches
  3 goblins (D:1)
  5 hobgoblins
  3 quokkas
  2 ball pythons (D:3)
  5 bats
  4 frilled lizards
  A jackal skeleton (D:6)
  10 kobolds
  A leopard gecko skeleton (D:4)
  A quokka skeleton (D:5)
  9 rats
130 creatures vanquished.

Notes
Turn   | Place    | Note
-------+----------+-------------------------------------------
     0 | D:1      | OrcJesus the Demonspawn Fighter began the quest for the
                  | Orb.
     0 | D:1      | Reached XP level 1. HP: 18/18 MP: 1/1
   111 | D:1      | Reached skill level 3 in Shields
   233 | D:1      | Gained mutation: You are surrounded by a mild repulsion
                  | field. (EV +2) [demonic ancestry]
   233 | D:1      | Reached XP level 2. HP: 14/24 MP: 2/2
   842 | D:2      | Gained mutation: You are slightly more attuned to the
                  | shadows. [demonic ancestry]
   842 | D:2      | Reached XP level 3. HP: 22/29 MP: 3/3
   925 | D:2      | Found a glowing golden altar of the Shining One.
   982 | D:2      | Reached skill level 4 in Shields
  1779 | D:3      | Gained mutation: You have a pair of small antennae on your
                  | head. [demonic ancestry]
  1779 | D:3      | Reached XP level 4. HP: 3/35 MP: 4/4
  2323 | D:3      | Gained mutation: You are surrounded by a moderate repulsion
                  | field. (EV +3) [demonic ancestry]
  2323 | D:3      | Reached XP level 5. HP: 34/41 MP: 5/5
  2336 | D:3      | Reached skill level 1 in Short Blades
  2464 | D:3      | Reached skill level 5 in Shields
  2723 | D:3      | Noticed a centaur
  2740 | D:3      | HP: 2/41 [centaur/cursed -3 shortbow (2)]
  2744 | D:3      | Killed a centaur
  2744 | D:3      | Reached skill level 1 in Dodging
  2744 | D:3      | Gained mutation: When hurt, damage is shared between your
                  | health and your magic reserves. [demonic ancestry]
  2744 | D:3      | Reached XP level 6. HP: 19/47 MP: 6/6
  3192 | D:3      | Found a snail-covered altar of Cheibriados.
  3431 | D:4      | Noticed an ice beast
  3452 | D:4      | Killed an ice beast
  3522 | D:4      | Reached XP level 7. HP: 51/53 MP: 7/7
  3529 | D:4      | Found the amulet of the Four Winds {rN+ MR+++ Clar}
  4094 | D:4      | Found a staircase to the Ecumenical Temple.
  4106 | Temple   | Entered the Ecumenical Temple
  4266 | Temple   | Became a worshipper of Warmaster Okawaru
  4443 | D:5      | Entered Level 5 of the Dungeon
  4573 | D:5      | Reached skill level 6 in Shields
  4788 | D:5      | Found a sparkling altar of Nemelex Xobeh.
  4848 | D:5      | Found a shattered altar of Ashenzari.
  4860 | D:5      | Reached XP level 8. HP: 34/61 MP: 5/8
  4995 | D:5      | Found a deep blue altar of Sif Muna.
  4998 | D:5      | Found a shadowy altar of Dithmenos.
  5130 | D:5      | Reached * piety under Okawaru
  5154 | D:5      | Found Ceijol Hya's Jewellery Emporium.
  5215 | D:5      | Reached skill level 1 in Invocations
  5405 | D:5      | Found a sparkling altar of Nemelex Xobeh.
  5911 | D:6      | Found Koebb's Antique Weapon Boutique.
  5995 | D:6      | Reached ** piety under Okawaru
  6306 | D:6      | Reached skill level 7 in Shields
  6314 | D:6      | Reached XP level 9. HP: 67/67 MP: 10/12
  6561 | D:7      | Reached skill level 5 in Fighting
  6584 | D:7      | Reached skill level 5 in Short Blades
  6760 | D:7      | Killed from afar by an electric eel

Skill      XL: |  1  2  3  4  5  6  7  8  9 |
---------------+----------------------------+-----
Shields        | 3 4 5 6 7 |  7.1
Short Blades   | 1 2 3 4 5 |  5.0
Armour         | 3 4 |  4.5
Dodging        | 1 2 3 |  3.4
Fighting       | 4 5 |  5.0
Invocations    | 4 |  4.4
Axes           | |  1.7

Action                   |  1- 3 |  4- 6 |  7- 9 || total
-------------------------+-------+-------+-------++-------
Melee: War axe           |    36 |       |       ||    36
       Short sword       |    88 |   150 |   413 ||   651
Invok: Heroism           |       |       |     1 ||     1
  Use: Scroll            |       |     6 |     5 ||    11
       Potion            |       |     2 |       ||     2
  Eat: Chunk             |     3 |     6 |     9 ||    18
Armor: Scale mail        |    14 |       |       ||    14
       Ring mail         |    32 |    21 |    95 ||   148
Dodge: Dodged            |    43 |    51 |   143 ||   237
Block: Shield            |    50 |    78 |   167 ||   295
